 Dungeon Crawl Stone Soup version 0.21.1-1-g345015f (webtiles) character file.

589 tidbits the Charmwright (level 7, 56/56 HPs)
             Began as a Gnoll Skald on June 22, 2018.
             Quit the game in the Ecumenical Temple.
             The game lasted 00:12:47 (1050 turns).

tidbits the Charmwright (Gnoll Skald)               Turns: 1050, Time: 00:12:48

Health: 56/56      AC:  5    Str: 13    XL:     7   Next: 38%
Magic:  15/15      EV: 14    Int: 18    God:
Gold:   107        SH:  0    Dex: 14    Spells: 7/17 levels left

rFire    . . .     SeeInvis .   a - +0 hand axe
rCold    . . .     Gourm    .   (no shield)
rNeg     . . .     Faith    .   b - +0 leather armour
rPois    .         Spirit   .   (no helmet)
rElec    .         Reflect  .   (no cloak)
rCorr    .         Harm     .   (no gloves)
MR       .....                  h - +1 pair of boots
Stlth    ++........             (no amulet)
HPRegen  0.18/turn              (no ring)
MPRegen  0.14/turn              (no ring)

@: no status effects
A: distributed training, fangs 1, strong nose
a: no special abilities


You were in the Ecumenical Temple.
You were hungry.

You visited 2 branches of the dungeon, and saw 7 of its levels.
You also visited: Ossuary.

You collected 107 gold pieces.

Inventory:

Hand Weapons
 a - a +0 hand axe (weapon)
 f - a +0 short sword of protection
   (You took it off a kobold on level 1 of the Dungeon)
 k - a +0 dagger
Missiles
 g - 3 stones (quivered)
 m - 8 tomahawks
 n - 11 arrows
 o - 3 steel tomahawks
 r - 7 javelins
Armour
 b - a +0 leather armour (worn)
 h - a +1 pair of boots (worn)
Wands
 p - a wand of paralysis (18)
Scrolls
 e - a scroll of teleportation
 i - a scroll of enchant armour
Potions
 j - a potion of might {unknown}
 l - a potion of flight
 s - a potion of brilliance
Books
 c - a book of Battle

   Spells                             Type                      Level
   a - Infusion                       Charms                       1
   b - Shroud of Golubria             Charms/Translocation         2
   c - Song of Slaying                Charms                       2
   d - Spectral Weapon                Hexes/Charms                 3
   e - Regeneration                   Charms/Necromancy            3
Comestibles
 d - 4 rations


   Skills:
 + Level 5.2 Fighting
 + Level 2.4 Short Blades
 + Level 2.4 Long Blades
 + Level 5.2 Axes
 + Level 2.4 Maces & Flails
 + Level 2.4 Polearms
 + Level 2.4 Staves
 + Level 2.4 Slings
 + Level 2.4 Bows
 + Level 2.4 Crossbows
 + Level 2.4 Throwing
 + Level 3.5 Armour
 + Level 5.2 Dodging
 + Level 2.4 Stealth
 + Level 2.4 Shields
 + Level 2.4 Unarmed Combat
 + Level 5.6 Spellcasting
 + Level 2.0 Conjurations
 + Level 2.0 Hexes
 + Level 5.8 Charms
 + Level 2.0 Summonings
 + Level 2.0 Necromancy
 + Level 2.0 Translocations
 + Level 2.0 Transmutations
 + Level 2.0 Fire Magic
 + Level 2.0 Ice Magic
 + Level 2.0 Air Magic
 + Level 2.0 Earth Magic
 + Level 2.0 Poison Magic
 + Level 2.6 Invocations
 + Level 2.4 Evocations


You had 7 spell levels left.
You knew the following spells:

 Your Spells              Type           Power        Failure   Level  Hunger
g - Shroud of Golubria    Chrm/Tloc      ###.......   4%          2    None
r - Regeneration          Chrm/Necr      ###.......   9%          3    ##.....
w - Spectral Weapon       Hex/Chrm       ###.....     9%          3    ##.....
y - Song of Slaying       Chrm           ####....     1%          2    None


Dungeon Overview and Level Annotations

Branches:
Dungeon (6/15)             Temple (1/1) D:6

Altars:
Ashenzari
Dithmenos
Kikubaaqudgha
Makhleb
Nemelex Xobeh
Qazlal
Sif Muna
Wu Jian
Xom
Zin


Innate Abilities, Weirdness & Mutations

Your experience applies equally to all skills.
You have very sharp teeth.
Your uncanny sense of smell can sniff out nearby items.


Message History

Confirm with . or Enter, or press ? or * to list all spells.
Your skin crawls.
Unknown command.
Your skin is crawling a little less now.
You are feeling hungry.
Found a scroll labeled CEYLIQ DAASK.
Found a ration.
You see here a scroll labeled CEYLIQ DAASK.
q - a scroll labeled CEYLIQ DAASK Your skin stops crawling.
You see here a ration.
d - 4 rations (gained 1)
A bullfrog zombie comes into view.
Casting: Regeneration
Confirm with . or Enter, or press ? or * to list all spells.
You start singing a song of slaying.
Casting: Song of Slaying
Confirm with . or Enter, or press ? or * to list all spells.
You draw out your weapon's spirit!
Casting: Spectral Weapon
Confirm with . or Enter, or press ? or * to list all spells.
Space distorts slightly along a thin shroud covering your body.
You hit the bullfrog zombie. You bite the bullfrog zombie.
The bullfrog zombie is lightly damaged.
Your spectral weapon hits the bullfrog zombie.
The bullfrog zombie closely misses you.
You completely miss the bullfrog zombie.
The bullfrog zombie is moderately damaged.
Your spectral weapon barely misses the bullfrog zombie.
The bullfrog zombie misses you. The bullfrog zombie hits you.
Your shroud falls apart!
You closely miss the bullfrog zombie. Your bite misses the bullfrog zombie.
The bullfrog zombie is moderately damaged.
Your spectral weapon hits the bullfrog zombie.
The bullfrog zombie closely misses you.
You hit the bullfrog zombie but do no damage.
You bite the bullfrog zombie.
The bullfrog zombie is moderately damaged.
Your spectral weapon hits the bullfrog zombie.
The bullfrog zombie barely misses you.
You closely miss the bullfrog zombie.
The bullfrog zombie is heavily damaged.
Your spectral weapon barely misses the bullfrog zombie.
The bullfrog zombie closely misses you. The bullfrog zombie hits you.
You barely miss the bullfrog zombie.
The bullfrog zombie is heavily damaged.
Your spectral weapon barely misses the bullfrog zombie.
The bullfrog zombie hits you.
You hit the bullfrog zombie.
The bullfrog zombie is severely damaged.
Your spectral weapon barely misses the bullfrog zombie.
The bullfrog zombie misses you.
You hit the bullfrog zombie.
The bullfrog zombie is severely damaged.
Your spectral weapon hits the bullfrog zombie.
The bullfrog zombie closely misses your spectral weapon.
The bullfrog zombie hits your spectral weapon.
Your spectral weapon shares its damage with you!
You catch the helpless bullfrog zombie completely off-guard!
You hit the bullfrog zombie. Your bite misses the bullfrog zombie.
The bullfrog zombie is almost destroyed.
Your spectral weapon hits the bullfrog zombie.
You destroy the bullfrog zombie!
Your Conjurations skill increases to level 2!
Your Hexes skill increases to level 2!
Your Summonings skill increases to level 2!
Your Necromancy skill increases to level 2!
Your Translocations skill increases to level 2!
Your Transmutations skill increases to level 2!
Your Fire Magic skill increases to level 2!
Your Ice Magic skill increases to level 2!
Your Air Magic skill increases to level 2!
Your Earth Magic skill increases to level 2!
Your Poison Magic skill increases to level 2!
Your spectral weapon fades away.
Found 7 javelins.
Unknown command.
Your song is almost over.
You see here 7 javelins.
r - 7 javelins
As you read the scroll labeled CEYLIQ DAASK, it crumbles to dust.
It is a scroll of amnesia.
Your memory of Infusion unravels.
Your song has ended.
Found a staircase to the Ecumenical Temple.
There is a staircase to the Ecumenical Temple here.
You climb downwards.
Welcome to the Ecumenical Temple!
Found an ancient bone altar of Kikubaaqudgha.
There is a staircase back to the Dungeon here.
Unknown command.
Found a sparkling altar of Nemelex Xobeh and a shattered altar of Ashenzari.
Unknown command.
Found a burning altar of Makhleb.
Found an ornate altar of the Wu Jian Council and a stormy altar of Qazlal.
Found a glowing silver altar of Zin.
There is a glowing silver altar of Zin here.
Found a shadowy altar of Dithmenos.
Found a shimmering altar of Xom.
Found a deep blue altar of Sif Muna.
Are you sure you want to abandon this character and quit the game? (Confirm with "yes".)

#.<.# # #...#####
#...##.##...#
#._......._.#
#####...#...#...###
#...##.##._.##.##.. ###
#._... #...#....._
#...#...# #####.⌠.#..
#._...@## .......##.
#...#...#####._.#####..
## #.⌠....##...##....⌠
#...#...#####...#..
#####._......._.###
#...#...#...#
#####...##### #...#
#####


There were no monsters in sight!

Vanquished Creatures
  The ghost of tidbits the Charmwright, an amateur GnSk (D:4)
  An ogre (D:4)
  An elf zombie (Ossuary)
  A bullfrog zombie (D:6)
  A hound (D:4)
  An iguana (D:4)
  3 orc wizards (D:4)
  A worker ant (D:5)
  2 big kobold zombies (Ossuary)
  2 mummies (Ossuary)
  3 adders
  An adder zombie (Ossuary)
  2 worms (D:2)
  A leopard gecko (D:4)
  8 orcs
  4 giant cockroaches
  7 goblins
  A hobgoblin (D:1)
  2 quokkas
  A bat (D:3)
  3 frilled lizards
  A goblin zombie (Ossuary)
  8 hobgoblin zombies (Ossuary)
  A jackal zombie (Ossuary)
  5 kobolds
  9 kobold zombies (Ossuary)
  8 orc zombies (Ossuary)
79 creatures vanquished.

Vanquished Creatures (others)
  A spectral weapon (Ossuary)
1 creature vanquished.

Grand Total: 80 creatures vanquished

Notes
Turn   | Place    | Note
-------+----------+-------------------------------------------
     0 | D:1      | tidbits the Gnoll Skald began the quest for the Orb.
     0 | D:1      | Reached XP level 1. HP: 20/20 MP: 6/6
   103 | D:1      | Reached XP level 2. HP: 18/26 MP: 4/7
   117 | D:1      | Learned a level 2 spell: Song of Slaying
   120 | D:1      | Learned a level 2 spell: Shroud of Golubria
   156 | D:2      | Reached XP level 3. HP: 21/31 MP: 0/9
   158 | D:2      | Reached skill level 5 in Spellcasting
   253 | D:2      | Learned a level 3 spell: Regeneration
   257 | D:2      | Learned a level 3 spell: Spectral Weapon
   268 | D:2      | Reached skill level 1 in Invocations
   365 | D:3      | Reached skill level 1 in Short Blades
   365 | D:3      | Reached skill level 1 in Long Blades
   365 | D:3      | Reached skill level 1 in Maces & Flails
   365 | D:3      | Reached skill level 1 in Polearms
   365 | D:3      | Reached skill level 1 in Staves
   365 | D:3      | Reached skill level 1 in Slings
   365 | D:3      | Reached skill level 1 in Bows
   365 | D:3      | Reached skill level 1 in Crossbows
   365 | D:3      | Reached skill level 1 in Throwing
   365 | D:3      | Reached skill level 1 in Stealth
   365 | D:3      | Reached skill level 1 in Shields
   365 | D:3      | Reached skill level 1 in Unarmed Combat
   365 | D:3      | Reached skill level 1 in Evocations
   368 | D:3      | Reached XP level 4. HP: 19/38 MP: 4/11
   458 | D:4      | Noticed tidbits's ghost (amateur GnSk)
   502 | D:4      | Killed tidbits's ghost
   502 | D:4      | Reached skill level 1 in Conjurations
   502 | D:4      | Reached skill level 1 in Hexes
   502 | D:4      | Reached skill level 1 in Summonings
   502 | D:4      | Reached skill level 1 in Necromancy
   502 | D:4      | Reached skill level 1 in Translocations
   502 | D:4      | Reached skill level 1 in Transmutations
   502 | D:4      | Reached skill level 1 in Fire Magic
   502 | D:4      | Reached skill level 1 in Ice Magic
   502 | D:4      | Reached skill level 1 in Air Magic
   502 | D:4      | Reached skill level 1 in Earth Magic
   502 | D:4      | Reached skill level 1 in Poison Magic
   502 | D:4      | Reached XP level 5. HP: 21/43 MP: 1/12
   515 | D:4      | Found a sand-covered staircase.
   527 | Ossuary  | Entered an ossuary
   542 | Ossuary  | Reached skill level 3 in Armour
   641 | Ossuary  | Reached skill level 2 in Invocations
   641 | Ossuary  | Reached XP level 6. HP: 21/50 MP: 1/14
   653 | Ossuary  | Reached skill level 5 in Fighting
   653 | Ossuary  | Reached skill level 5 in Axes
   653 | Ossuary  | Reached skill level 5 in Dodging
   731 | D:4      | Reached skill level 2 in Short Blades
   731 | D:4      | Reached skill level 2 in Long Blades
   731 | D:4      | Reached skill level 2 in Maces & Flails
   731 | D:4      | Reached skill level 2 in Polearms
   731 | D:4      | Reached skill level 2 in Staves
   731 | D:4      | Reached skill level 2 in Slings
   731 | D:4      | Reached skill level 2 in Bows
   731 | D:4      | Reached skill level 2 in Crossbows
   731 | D:4      | Reached skill level 2 in Throwing
   731 | D:4      | Reached skill level 2 in Stealth
   731 | D:4      | Reached skill level 2 in Shields
   731 | D:4      | Reached skill level 2 in Unarmed Combat
   731 | D:4      | Reached skill level 2 in Evocations
   779 | D:4      | Reached XP level 7. HP: 42/56 MP: 2/15
   878 | D:5      | Entered Level 5 of the Dungeon
   986 | D:6      | Reached skill level 2 in Conjurations
   986 | D:6      | Reached skill level 2 in Hexes
   986 | D:6      | Reached skill level 2 in Summonings
   986 | D:6      | Reached skill level 2 in Necromancy
   986 | D:6      | Reached skill level 2 in Translocations
   986 | D:6      | Reached skill level 2 in Transmutations
   986 | D:6      | Reached skill level 2 in Fire Magic
   986 | D:6      | Reached skill level 2 in Ice Magic
   986 | D:6      | Reached skill level 2 in Air Magic
   986 | D:6      | Reached skill level 2 in Earth Magic
   986 | D:6      | Reached skill level 2 in Poison Magic
  1014 | D:6      | Found a staircase to the Ecumenical Temple.
  1023 | Temple   | Entered the Ecumenical Temple
  1050 | Temple   | Quit the game

Skill      XL: |  1  2  3  4  5  6  7 |
---------------+----------------------+-----
Spellcasting   | 5 |  5.6
Invocations    | 1 2 |  2.6
Short Blades   | 1 2 |  2.4
Long Blades    | 1 2 |  2.4
Maces & Flails | 1 2 |  2.4
Polearms       | 1 2 |  2.4
Staves         | 1 2 |  2.4
Slings         | 1 2 |  2.4
Bows           | 1 2 |  2.4
Crossbows      | 1 2 |  2.4
Throwing       | 1 2 |  2.4
Stealth        | 1 2 |  2.4
Shields        | 1 2 |  2.4
Unarmed Combat | 1 2 |  2.4
Evocations     | 1 2 |  2.4
Conjurations   | 1 2 |  2.0
Hexes          | 1 2 |  2.0
Summonings     | 1 2 |  2.0
Necromancy     | 1 2 |  2.0
Translocations | 1 2 |  2.0
Transmutations | 1 2 |  2.0
Fire Magic     | 1 2 |  2.0
Ice Magic      | 1 2 |  2.0
Air Magic      | 1 2 |  2.0
Earth Magic    | 1 2 |  2.0
Poison Magic   | 1 2 |  2.0
Armour         | 3 |  3.5
Fighting       | 5 |  5.2
Axes           | 5 |  5.2
Dodging        | 5 |  5.2
Charms         | |  5.8

Action                   |  1- 3 |  4- 6 |  7- 9 || total
-------------------------+-------+-------+-------++-------
Melee: Hand axe          |    54 |   117 |    23 ||   194
       Bite              |     3 |    15 |     6 ||    24
       Short sword       |       |       |    19 ||    19
 Cast: Infusion          |     4 |       |       ||     4
       Song of Slaying   |     4 |     6 |     2 ||    12
       Spectral Weapon   |     2 |    10 |     4 ||    16
       Regeneration      |       |     5 |     2 ||     7
       Shroud of Golubri |       |       |     1 ||     1
Evoke: Wand              |       |     9 |     1 ||    10
  Use: Scroll            |     1 |     2 |     1 ||     4
       Potion            |       |     6 |       ||     6
 Stab: Distracted        |       |     1 |     1 ||     2
  Eat: Chunk             |       |     1 |     1 ||     2
Armor: Leather armour    |     6 |    28 |    12 ||    46
Dodge: Dodged            |    35 |    67 |    36 ||   138

Table legend:
 A = Turns spent in this place as a percentage of turns spent in the entire game.
 B = Non-inter-level travel turns spent in this place as a percentage of non-inter-level travel turns spent in the entire game.
 C = Inter-level travel turns spent in this place as a percentage of turns spent in this place.
 D = Turns resting spent in this place as a percentage of non-inter-level travel turns spent in this place.
 E = Turns spent auto-exploring this place as a percentage of non-inter-level travel turns spent in this place.
 F = Non-inter-level travel turns spent in this place divided by the number of levels of this place that you've seen.
                   A       B       C       D       E      F
               +-------+-------+-------+-------+-------+----------------------
         Total | 100.0 | 100.0 |   0.0 |   0.0 |   0.0 | 131.2
       Dungeon |  80.4 |  80.4 |   0.0 |   0.0 |   0.0 | 140.7
        Temple |   2.6 |   2.6 |   0.0 |   0.0 |   0.0 |  27.0
       Ossuary |  17.0 |  17.0 |   0.0 |   0.0 |   0.0 | 179.0
               +-------+-------+-------+-------+-------+----------------------

Table legend:
 A = Kills in this place as a percentage of kills in entire the game.
 B = Kills by you in this place as a percentage of kills by you in the entire game.
 C = Kills by friends in this place as a percentage of kills by friends in the entire game.
 D = Other kills in this place as a percentage of other kills in the entire game.
 E = Experience gained in this place as a percentage of experience gained in the entire game.
 F = Experience gained in this place divided by the number of levels of this place that you have seen.
                   A       B       C       D       E      F
               +-------+-------+-------+-------+-------+----------------------
         Total | 100.0 | 100.0 |   N/A |   N/A | 100.0 | 105.2
       Dungeon |  58.2 |  58.2 |   N/A |   N/A |  74.6 | 104.7
       Ossuary |  41.8 |  41.8 |   N/A |   N/A |  25.4 | 214.0
               +-------+-------+-------+-------+-------+----------------------

Vault maps used:
D:1:      sevenhm_arrival_forest_fort_small_4
D:2:      minitemple, nicolae_ru_path_of_blood, grunt_ministairs_9,
          minmay_tetromino_l2
D:3:      gammafunk_temple_overflow_elements, tso_oasis_becter
D:4:      lightli_ossuary_entry_decrepit_ruins, first_ration,
          corexii_checkpoint_a, nemelex_dance_club_becter
D:5:      uniq_blork_the_orc
D:6:      temple_statues, minmay_misc_feat_enclosed
Temple:   eino_wide_crystal_templ
Ossuary:  ossuary_tomb_1
